Unix NetHack Version 3.7.0-97 Work-in-progress - last build Jan 28 2024 04:41:54 (eae211b052f4c4d875b52ed558e44d2f93f0896c,branch:master). Game began 2024-01-19 08:36:54, ended 2024-02-02 23:18:14. spontiff, lawful male gnomish Healer ----------------- |.%............)| ---%..----.----%..--- |%...--.. ....--. %.| -------...--........ --%..------- |. %......|.......5. |.%.. ....| --------------- |.%.--------........ -------.%.| |.............| --.-- --..5.4.. ----.---- --..--------- | . -----(----- --...))..-- --$.[|......)| ---....@....-----.........---...)|.)%..%.| |......A......||............).[..$%[._.%.| |.4----.----4.|--....%....---....|...)...| | |...A...| | --.......-- --...|.......| 5|...&...| --------- --..--------- |..@@...| |... |@......| ----- |.......| --------- 4 5 Spontiff the Medicus ossium St:18/08 Dx:10 Co:18 In:14 Wi:18 Ch:18 Lawful S:12350 Astral Plane $:0 HP:0(250) Pw:17(141) AC:-20 Xp:15/160000 T:73968 TermIll Latest messages: The displacer beast hits! The displacer beast hits again! The displacer beast bites! Keni the invisible Slayer zaps a wand of magic missile! The magic missile whizzes by you! The magic missile misses the guardian Angel of Hermes. The Angel of Athena points at you, then curses. You hear some noises. The high priestess intones: "Pilgrim, you enter a sacred place!" The displacer beast moves the soldier ant out of its way! The guardian Angel of Hermes swings her long sword at the soldier ant. The guardian Angel of Hermes hits the soldier ant. The soldier ant is killed! Alex the invisible Sorcerer zaps a wand of death! The death ray misses the guardian Angel of Hermes. The displacer beast is killed by the death ray! The death ray hits you! But it reflects from your medallion! Keni the invisible Slayer wields a greased double-headed axe named Cleaver! You hear some noises in the distance. You hear a mumbled curse. Pestilence reaches out, and you feel fever and chills. You feel deathly sick. Pestilence touches you! You stagger... What do you want to use or apply? [cfkmostwxzDNPQSTXZ or ?*] c You feel a bit steadier now. Keni the invisible Slayer turns to flee. You hear a mumbled curse. The air crackles around the priest of Athena. There is a high altar to Athena (lawful) here. What do you want to use or apply? [cfkmostwxzDNPQSTXZ or ?*] c You feel cured. What a relief! What do you want to remove? [AR or ?*] A You were wearing an uncursed amulet of reflection. The Angel of Athena points at you, then curses. The priest of Athena picks up a cursed food ration. An uncursed amulet of life saving lands on the altar. There is a black flash as a cursed amulet of life saving hits the altar. An uncursed amulet of reflection lands on the altar. The uncursed +0 Staff of Aesculapius lands on the altar. What do you want to use or apply? [cfkmostwxzDNPQSTXZ or ?*] f What do you want to drop? [cdf-ik-oqstv-zDGHLNP-TX-Z or ?*] l There is an amber flash as a blessed luckstone hits the altar. Pestilence reaches out, and you feel fever and chills. You feel deathly sick. You die... Do you want your possessions identified? [ynq] (y) y Do you want to see the dungeon overview? [ynq] (y) q Inventory: Amulets Y - the uncursed Amulet of Yendor named REAL Armor h - a blessed greased tempered +4 helm of brilliance H - a cursed +0 helm of opposite alignment (being worn) g - a blessed fireproof +4 pair of leather gloves (being worn) v - an uncursed fireproof +3 pair of speed boots (being worn) q - a blessed greased +4 robe (being worn) d - an uncursed +5 gray dragon scale mail (being worn) Comestibles n - a cursed food ration y - an uncursed pear i - an uncursed lizard corpse Rings R - an uncursed ring of free action (on right hand) G - an uncursed ring of levitation L - an uncursed ring of slow digestion Wands Q - an uncursed wand of digging (0:8) X - an uncursed wand of digging (0:5) D - an uncursed wand of digging (0:3) P - an uncursed wand of digging (0:2) S - an uncursed wand of sleep (0:7) T - an uncursed wand of teleportation (1:5) N - an uncursed wand of teleportation (1:4) m - an uncursed wand of teleportation (1:3) Z - an uncursed wand of teleportation (1:2) Tools f - an uncursed greased bag of holding containing 45 items z - an uncursed leash o - an uncursed magic whistle w - an uncursed mirror x - an uncursed oil lamp (lit) k - an uncursed skeleton key s - an uncursed stethoscope t - an uncursed towel named Need Stealth c - a blessed +0 unicorn horn Contents of the bag of holding: an uncursed fireproof +3 bullwhip an uncursed rustproof +7 long sword a blessed +0 mummy wrapping an uncursed +0 oilskin cloak 2 uncursed food rations 7 uncursed K-rations 3 uncursed lembas wafers 2 uncursed tripe rations an uncursed lizard corpse 3 blessed scrolls of blank paper 5 uncursed scrolls of blank paper 3 cursed scrolls of blank paper 2 blessed scrolls of charging an uncursed scroll of charging 4 uncursed scrolls of identify 2 uncursed scrolls of scare monster an uncursed scroll of taming an uncursed spellbook of cure sickness a blessed spellbook of healing a blessed potion of acid an uncursed potion of acid a blessed potion of fruit juice an uncursed potion of fruit juice an uncursed potion of oil a potion of holy water 2 potions of unholy water an uncursed ring of conflict an uncursed ring of polymorph a blessed ring of polymorph control an uncursed ring of protection from shape changers an uncursed ring of regeneration an uncursed ring of stealth an uncursed wand of polymorph (0:3) an uncursed wand of polymorph (0:3) an uncursed wand of probing (0:5) an uncursed wand of slow monster (0:6) an uncursed wand of speed monster (0:3) an uncursed wand of striking (0:5) an uncursed wand of striking (0:2) an empty uncursed sack an uncursed magic harp (1:4) an uncursed can of grease (0:19) an uncursed mirror an uncursed oil lamp an uncursed +0 unicorn horn Spontiff the Healer's attributes: Background: You were a Medicus ossium, a level 15 male gnomish Healer. You were lawful, temporarily on a mission for Athena who was opposed by Hermes (neutral) and Poseidon (chaotic). You were actually neutral. You were right-handed. You were in the endgame, on the Astral Plane. You entered the dungeon 73968 turns ago. It was nighttime. You had 160000 experience points, 160000 more were needed to attain level 16. Your score was 12350 before end-of-game adjustments. Basics: You had 0 out of 250 hit points. You had 17 out of 141 energy points (spell power). Your armor class was -20. Your wallet was empty. Autopickup was on for '"?!=/' plus thrown, with exceptions. Final Characteristics: Your strength was 18/08 (peak:18/09, limit:18/50). Your dexterity was 10 (limit:18). Your constitution was 18 (limit:18). Your intelligence was 14 (limit:19). Your wisdom was 18 (limit:18). Your charisma was 18 (limit:18). Final Status: You were terminally sick from illness. You weren't hungry. You were unencumbered. You were empty handed. You were unskilled in bare handed combat. Final Attributes: You were the Envoy of Balance. You were nominally aligned. You were magic-protected. You were fire resistant. You were cold resistant. You were sleep resistant. You were disintegration resistant. You were shock resistant. You were poison resistant. You saw invisible. You were telepathic. You were warned. You had infravision. You could teleport. You had teleport control. You were guarded. You were very fast. You had free action. You were extremely lucky. You are dead. Miscellaneous: You encountered 1 bones level. Total elapsed playing time was 1 day, 6 hours, 18 minutes and 1 second. Major events: Turn 1: spontiff the neutral male gnomish Healer entered the dungeon 1531: entered the Gnomish Mines 1898: reached Mine Town 3199: made his first wish - "blessed +2 gray dragon scale mail", got "a gray dragon scale mail" 5344: acquired the Mines' End luckstone 14328: the Oracle has been killed 14442: entered Sokoban 16249: completed 1st Sokoban level 17141: completed 2nd Sokoban level 17946: completed 3rd Sokoban level 19221: completed 4th Sokoban level 19571: acquired the Sokoban amulet of reflection 26816: Ermenak, the used armor dealership proprietrix, has been killed 27030: Lerignac, the antique weapons outlet proprietrix, has been killed 27301: Gorlowka, the liquor emporium proprietrix, has been killed 27597: Sneem, the second-hand bookstore proprietrix, has been killed 28633: Elan Lapinski, the hardware store proprietor, has been killed 28741: Semai, the delicatessen proprietor, has been killed 35846: stole 52 zorkmids worth of merchandise from Izchak's lighting store 35925: Izchak, the lighting store proprietor, has been killed 37428: attained the rank of Empiric (level 3) 50642: performed his first genocide (energy vortices) 51951: genocided green slimes 54251: wished for "holy spellbook of identify", got "a violet spellbook" 54580: wished for "2 holy scrolls of charging", got "a scroll labeled PRIRUTSENIE" 54584: wished for "holy wand of polymorph", got "a jeweled wand" 57509: attained the rank of Embalmer (level 6) 57619: wished for "holy fixed +2 speed boots", got "a pair of jungle boots" 58189: entered Gehennom 60719: became Hermes' Envoy of Balance 60719: was bestowed with Vorpal Blade 60724: wished for "marker", got "a magic marker" 60906: Hippocrates has been killed 62967: killed the Cyclops 62967: found the Staff of Aesculapius carried by a monster 62970: acquired the Bell of Opening 63380: wished for "2 holy scrolls of genocide", got "a scroll labeled FOOBIE BLETCH" 63386: genocided class c 63388: genocided class L 63401: wished for "holy figurine of an Archon", got "a figurine of an Archon" 63954: genocided class R 64312: attained the rank of Dresser (level 10) 65901: Juiblex has been killed 66957: bribed Asmodeus with 73 zorkmids for safe passage 67615: bribed Baalzebub with 16 zorkmids for safe passage 68106: Vlad the Impaler has been destroyed 68108: acquired the Candelabrum of Invocation 68500: killed Medusa 69579: Orcus has been killed 71110: the Wizard of Yendor has been killed 71111: acquired the Book of the Dead 71245: performed the invocation 71425: attained the rank of Medicus ossium (level 14) 71449: the Wizard of Yendor has been killed (2nd time) 71706: the high priest of Moloch has been killed 71707: acquired The Amulet of Yendor 72144: the Wizard of Yendor has been killed (3rd time) 73187: entered the Elemental Planes 73187: entered Plane of Earth 73192: the Wizard of Yendor has been killed (5th time) 73229: entered Plane of Air 73456: the Wizard of Yendor has been killed (10th time) 73500: entered Plane of Fire 73585: entered Plane of Water 73814: entered the Astral Plane 73837: found Giantslayer carried by a monster 73961: Famine has been killed 73964: found Cleaver carried by a monster 73968: killed by Pestilence Vanquished creatures: Orcus Juiblex the Wizard of Yendor (10 times) Famine Vlad the Impaler a high cleric 2 mastodons Medusa 6 krakens Hippocrates 2 iron golems the Cyclops 3 storm giants 2 glass golems 4 balrogs 4 purple worms 4 gray dragons 3 gold dragons 9 silver dragons 6 red dragons 7 white dragons 3 orange dragons 3 black dragons 9 blue dragons 8 green dragons 3 yellow dragons 19 minotaurs 4 jabberwocks 3 erinyes 6 baluchitheria 5 Angels 3 demiliches a stone golem 3 master mind flayers 5 Olog-hai 4 Nazgul 12 pit fiends 3 sandestins 7 hell hounds 5 displacer beasts 7 titanotheres 2 trappers a baby gold dragon 2 guardian nagas 2 genetic engineers 35 vampire leaders 8 skeletons 7 shopkeepers the Oracle 25 aligned clerics 2 captains 5 liches 5 water trolls a clay golem a nurse 6 ice devils 12 nalfeshnees 3 lurkers above an Aleax 5 frost giants 4 ettins 2 golden nagas 26 black puddings 26 vampires 5 lieutenants a watch captain 46 ghosts 3 queen bees 3 winged gargoyles 5 mind flayers 14 giant mimics 3 long worms 7 zruties 4 fire giants 7 ogre tyrants 14 ice trolls 10 rock trolls 5 umber hulks 7 flesh golems 9 elven monarchs a doppelganger 20 hezrous 14 bone devils 7 large mimics a wumpus 6 fire vortices 2 couatls 11 stalkers 13 air elementals 15 fire elementals 6 earth elementals 17 water elementals 8 hill giants 8 giant mummies a black naga 8 xorns 18 giant zombies 10 elf-nobles 9 sergeants a water demon 6 barbed devils 16 vrocks 11 salamanders 14 wargs a winter wolf 10 hell hound pups 15 small mimics 3 glass piercers 6 warhorses 15 steam vortices 10 xans 6 ettin mummies 3 ogre leaders 11 quantum mechanics 18 trolls a sasquatch 3 mariliths 2 djinn 2 gelatinous cubes 2 pyrolisks 2 large dogs 3 freezing spheres 10 flaming spheres 7 shocking spheres 3 large cats 6 tigers 5 gargoyles 3 dwarf rulers 3 tengu 8 ochre jellies 6 leocrottas 3 mountain centaurs a stone giant 3 elf mummies 5 human mummies 3 red nagas 5 pythons 7 pit vipers 9 cobras 45 wraiths 4 carnivorous apes 17 ettin zombies 2 leather golems 8 Grey-elves 47 soldiers 4 watchmen 9 amorous demons 5 horned devils 11 chameleons 2 crocodiles 19 giant beetles 11 quivering blobs 12 cockatrices 17 wolves 7 winter wolf cubs 2 lynxes 3 panthers 19 gremlins 5 spotted jellies 16 leprechauns 6 orc-captains 4 iron piercers 3 mumakil 10 giant spiders 7 scorpions 4 horses 2 ice vortices 11 black lights 8 vampire bats 5 forest centaurs 7 gnome rulers 4 orc mummies 3 dwarf mummies 2 ogres 7 brown puddings 5 rust monsters 13 owlbears 4 yetis a gold golem 3 werewolves 3 Green-elves 3 piranha 10 giant eels 20 lizards 8 attendants a chickatrice 2 dingoes 3 dogs a housecat 5 jaguars 8 dwarf leaders 4 blue jellies 6 white unicorns 2 black unicorns 9 dust vortices 11 ravens 8 plains centaurs a Kop Kaptain 6 gnome mummies 22 snakes 7 water moccasins 4 apes 44 human zombies a rope golem 10 Woodland-elves 20 soldier ants 50 fire ants 37 bugbears 6 imps 2 lemures 12 quasits 8 wood nymphs 2 water nymphs 5 mountain nymphs 15 Mordor orcs 8 Uruk-hai 9 orc shamans 10 rock piercers 8 rock moles 7 ponies 13 fog clouds 17 yellow lights 7 shriekers 11 violet fungi 27 gnome leaders 10 gnomish wizards 2 Kop Lieutenants 6 kobold mummies 9 gray oozes 3 barrow wights 16 elf zombies 21 ghouls 5 straw golems a paper golem 4 jellyfish 46 giant ants 8 little dogs 14 floating eyes 6 kittens 26 dwarves 8 homunculi 8 kobold leaders 7 kobold shamans 17 hill orcs 31 rothes 32 rabid rats 4 centipedes 9 giant bats 8 Kop Sergeants 5 monkeys 27 orc zombies 17 dwarf zombies 14 wererats 7 werejackals 34 iguanas 72 killer bees 9 acid blobs 8 coyotes 18 gas spores 17 hobbits 25 manes 10 large kobolds 41 hobgoblins 95 giant rats 20 cave spiders 6 brown molds 12 yellow molds 2 green molds 9 red molds 32 gnomes 15 Keystone Kops 23 garter snakes 20 gnome zombies 34 geckos 43 jackals 5 foxes 8 kobolds 17 goblins 19 sewer rats 37 grid bugs 7 bats 30 lichens 17 kobold zombies 43 newts 2877 creatures vanquished. Genocided or extinct species: arch-liches master liches erinyes (extinct) demiliches disenchanters liches pyrolisks energy vortices green slimes cockatrices rust monsters chickatrices 11 species genocided. 1 species extinct. Voluntary challenges: You were a pacifist. You read items or engraved 185 times. You never engraved Elbereth. You genocided 11 types of monsters. You used 8 wishes. You did not wish for any artifacts. You did not violate any of the special Sokoban rules. Achievements: You entered a shop. You entered the Gnomish Mines. You entered Minetown. You entered a temple. You completed the Gnomish Mines. You entered Sokoban. You completed Sokoban. You attained the rank of Empiric. You attained the rank of Embalmer. You entered Gehennom. You handled the Bell of Opening. You attained the rank of Dresser. You handled the Candelabrum of Invocation. You defeated Medusa. You handled the Book of the Dead. You gained access to Moloch's Sanctum. You attained the rank of Medicus ossium. You had the Amulet of Yendor. You reached the Elemental Planes. You reached the Astral Plane. The Elemental Planes: Astral Plane: <- You were here. Some temples and some altars. Final resting place for you, killed by Pestilence. Plane of Water: Plane of Fire: Plane of Air: Plane of Earth: The Dungeons of Doom: levels 1 to 28 Level 1: One way stairs up to The Elemental Planes. Level 2: An untended shop. Level 3: Stairs down to The Gnomish Mines. Level 4: An untended shop. Level 5: Oracle of Delphi. Level 6: Stairs up to Sokoban, level 5. Level 7: A weapon shop. Level 8: An armor shop, an altar. Level 9: Level 10: Level 11: Portal to The Quest. Level 12: "Stash" An altar. Level 13: "Polytrap under boulder" Level 14: Level 15: Level 16: Level 17: A primitive area. Level 18: Level 19: Level 20: Level 21: Many altars. Level 22: Level 23: An altar. Level 24: Level 25: Level 26: Level 27: Level 28: The castle. Connection to Gehennom. Gehennom: levels 29 to 48 Level 29: A temple and an altar, many graves. Valley of the Dead. Level 30: Level 31: Level 32: A fountain. Level 33: "Polytrap" Level 34: Level 35: "Asmo" Level 36: Level 37: Level 38: An altar, some graves. Stairs up to Vlad's Tower, level 37. Level 39: Level 40: "Wiztower top" Level 41: Level 42: Level 43: Level 44: Level 45: Level 46: "Wiztower portal" Level 47: Level 48: A temple and an altar, many graves. Moloch's Sanctum. The Gnomish Mines: levels 4 to 11 Level 4: A grave. Final resting place for Bartlem-Rog-Hum-Fem-Cha, killed by a giant ant. Level 5: Level 6: Level 7: Many shops, a temple and an altar, a fountain. Level 8: Level 9: "Polytrap" Level 10: Level 11: The Quest: levels 1 to 6 Level 1: An altar. Home (no way back...). Level 2: Level 3: A temple and an altar. Level 4: Level 5: Level 6: Sokoban: levels 5 up to 2 Level 2: Solved. Level 3: Solved. Level 4: Solved. Level 5: Solved. Vlad's Tower: levels 37 up to 35 Level 35: Level 36: Level 37: Game over: ---------- / \ / REST \ / IN \ / PEACE \ / \ | spontiff | | 0 Au | | killed by | | Pestilence | | | | | | 2024 | *| * * * | * _________)/\\_//(\/(/\)/\//\/|_)_______ Goodbye spontiff the Healer... You died in The Astral Plane with 12350 points, and 0 pieces of gold, after 73968 moves. You were level 15 with a maximum of 250 hit points when you died.